 Dungeon Crawl Stone Soup version 0.27-a0-686-gaed091b46b (webtiles) character file.

Game seed: 12183621139713691290

30 sahdkjhfkaj the Sneak (level 3, 0/19 HPs)
             Began as a Vine Stalker Brigand on Mar 20, 2021.
             Succumbed to an adder's poison
             ... on level 2 of the Dungeon.
             The game lasted 00:00:42 (871 turns).

sahdkjhfkaj the Sneak (Vine Stalker Brigand)         Turns: 871, Time: 00:00:43

Health: 0/19       AC: 10    Str: 13    XL:     3   Next: 20%
Magic:  2/4        EV:  8    Int: 12    God:
Gold:   30         SH:  0    Dex: 15    Spells: 2/2 levels left

rFire    x . .     SeeInvis .   a - +2 dagger
rCold    + + .     Faith    .   (no shield)
rNeg     . . .     Spirit   +   f - +0 ice dragon scales
rPois    .         Reflect  .   (no helmet)
rElec    .         Harm     .   c - +0 cloak
rCorr    .         Rampage  .   (no gloves)
Will     .....                  (no boots)
Stlth    +.........             (no amulet)
HPRegen  0.06/turn              (no ring)
MPRegen  0.09/turn              (no ring)

@: lethally poisoned (0 -> -10), hasted, very quick
A: fangs 2, magic shield, antimagic bite, no potion heal 3
a: no special abilities


You were on level 2 of the Dungeon.
You visited 1 branch of the dungeon, and saw 2 of its levels.

You collected 30 gold pieces.

Inventory:

Hand Weapons
 a - a +2 dagger (weapon)
Missiles
 d - 8 poisoned darts (quivered)
 e - 2 curare-tipped darts
Armour
 c - a +0 cloak (worn)
 f - +0 ice dragon scales (worn)


   Skills:
 + Level 2.6 Fighting
 + Level 2.5 Short Blades
 - Level 1.7 Throwing
 - Level 0.7 Dodging
 - Level 4.8 Stealth


You had 2 spell levels left.
You didn't know any spells.
Your spell library contained the following spells:

 Spells                   Type           Power      Damage    Failure   Level
 Animate Skeleton         Necr           0%         N/A       93%         1
 Apportation              Tloc           0%         N/A       93%         1
 Corona                   Hex            0%         N/A       93%         1
 Summon Small Mammal      Summ           0%         N/A       93%         1
 Confusing Touch          Hex            0%         N/A       100%        3
 Gell's Gravitas          Tloc           0%         N/A       100%        3
 Petrify                  Tmut/Erth      0%         N/A       100%        4
 Metabolic Englaciation   Hex/Ice        0%         N/A       100%        5
 Yara's Violent Unravell  Hex/Tmut       0%         3d3       100%        5


Dungeon Overview and Level Annotations

Branches:
Dungeon (2/15)

Altars:


Innate Abilities, Weirdness & Mutations

You have extremely sharp teeth.
When hurt, damage is shared between your health and your magic reserves.
Your bite disrupts and absorbs the magic of your enemies.
Potions cannot restore your health.


Message History

You are too injured to fight recklessly!
You are too injured to fight recklessly!
You are too injured to fight recklessly!
You are too injured to fight recklessly!
You are too injured to fight recklessly!
You are too injured to fight recklessly!
You are too injured to fight recklessly!
It was a potion of haste.
You feel yourself speed up.
You feel sick. The adder bites you but does no damage.
You miss the adder.
The adder is lightly wounded.
The adder bites you but does no damage.
You hit the adder but do no damage. You bite the adder. You drain its power.
You feel invigorated.
The adder is heavily wounded.
You feel sick.
You miss the adder. You bite the adder. You drain its power.
The adder is severely wounded.
The adder bites you but does no damage.
You barely miss the adder. Your bite misses the adder.
The adder is severely wounded.
The adder bites you.
* * * LOW HITPOINT WARNING * * *
You are more poisoned.
The adder poisons you!
You hit the adder. Your bite misses the adder.
The adder is almost dead.
* * * LOW HITPOINT WARNING * * *
You feel sick. The adder barely misses you.
You hit the adder.
You kill the adder!
You have reached level 3!
Your experience leads to an increase in your attributes!
Increase (S)trength, (I)ntelligence, or (D)exterity?
You feel clever.
* * * LOW HITPOINT WARNING * * *
You feel sick.
* * * LOW HITPOINT WARNING * * *
You feel sick.
You die...

...# #.#
#..###.$#
#...#.#.####..#
#..#..#..$.....
#..#....#
#..†)...## #
#........##
#.##.........#
#.....@..>...#
####.........##..
#.<..........
#.#......###.#
#.†...<.......
#######.###### .#
.. ###


There were no monsters in sight!

Vanquished Creatures
  An adder (D:2)
  A dart slug (D:1)
  A leopard gecko (D:2)
  4 goblins
  3 jackals (D:1)
  2 bats (D:1)
  4 frilled lizards (D:1)
  A kobold (D:1)
  4 rats
21 creatures vanquished.

Notes
Turn   | Place    | Note
-------+----------+-------------------------------------------
     0 | D:1      | sahdkjhfkaj the Vine Stalker Brigand began the quest for
                  | the Orb.
     0 | D:1      | Reached XP level 1. HP: 11/11 MP: 2/2
   137 | D:1      | Reached XP level 2. HP: 9/15 MP: 3/3
   868 | D:2      | Reached XP level 3. HP: 3/19 MP: 2/4
   871 | D:2      | Succumbed to an adder's poison

Illustrated notes

Levels and vault maps discovered:
D:1:      minmay_arrival_semitransparent, layout_loops_ring
D:2:      layout_loops_ring, nrook_uturn, minmay_tetromino_i2

Skill      XL: |  1 |
---------------+----+-----
Fighting       | 2 |  2.6
Short Blades   | 2 |  2.5
Throwing       | |  1.7
Dodging        | |  0.7
Stealth        | |  4.8

Action                   || total
-------------------------++-------
Melee: Dagger            ||    42
       Bite              ||    12
  Use: Potion            ||     1
 Stab: Sleeping          ||     5
Armor: Robe              ||     6
       Ice dragon scales ||    14
Dodge: Dodged            ||    14

Table legend: (Time is in decaauts)
 A = Elapsed time spent in this place.
 B = Non-inter-level travel time spent in this place.
 C = Inter-level travel time spent in this place.
 D = Time resting spent in this place.
 E = Time spent auto-exploring this place.
 F = Levels seen in this place.
 G = Mean time per level.
                   A        B        C        D        E       F      G
               +--------+--------+--------+--------+--------+-----+--------+
         Total |    863 |    793 |     70 |      0 |    666 |   2 |  431.5 |
       Dungeon |    863 |    793 |     70 |      0 |    666 |   2 |  431.5 |
               +--------+--------+--------+--------+--------+-----+--------+

Top non-repeatable levels by time:
     D:1: 837 daAuts
     D:2: 26 daAuts
